 Dungeon Crawl Stone Soup version 0.17-a0-755-g4391640 (webtiles) character file.

215562 namelastname112 the Stickfighter (level 18, -3/166 HPs)
             Began as a Grey Draconian Gladiator on Apr 22, 2015.
             Was the Champion of Ashenzari.
             Slain by an octopode crusher (7 damage)
             ... on level 1 of the Shoals.
             The game lasted 02:22:02 (44212 turns).

namelastname112 the Stickfighter (DrGl)            Turns: 44212, Time: 02:22:04

Health: -3/166     AC: 23    Str: 25    XL:     18   Next: 33%
Magic:  42/42      EV: 33    Int: 10    God:    Ashenzari [******]
Gold:   1187       SH:  0    Dex: 23    Spells: 4 memorised, 24 levels left

rFire  + . .     SeeInvis +     j - +8 quarterstaff "Mawnyf" {vamp, rF+ rN++} (curse)
rCold  + . .     Clarity  +     (armour unavailable)
rNeg   + + +     SustAb   .     (no shield)
rPois  +         Gourm    +     b - +1 hat (curse)
rElec  .         Spirit   .     M - +2 cloak of the Thief {+Fog Slay-2 SInv Stlth+} (curse)
rCorr  .         Warding  .     k - +0 pair of gloves of Decompression {rN+ Str+3} (curse)
rMut   .         Stasis   .     p - +2 pair of boots {Stlth+} (curse)
MR     +....                    H - amulet of the gourmand (curse)
Stlth  +++++.....               O - ring of Togoziof {rPois MP+9 Str+4} (curse)
                                a - ring "Jasifryts" {+Fly rPois rC+ Stlth+} (curse)

@: agile, constricted, somewhat resistant to hostile enchantments, quite
stealthy
A: walk through water, unfitting armour, unbreathing, cold-blooded, AC +15
a: Scrying, Transfer Knowledge, Renounce Religion, Evoke Fog, Evoke Flight
}: 1/15 runes: serpentine


You were on level 1 of the Shoals.
You worshipped Ashenzari.
Ashenzari was exalted by your worship.
You were not hungry.

You visited 6 branches of the dungeon, and saw 34 of its levels.
You also visited: Labyrinth, Sewer, Ossuary and Ice Cave.

You collected 4291 gold pieces.
You spent 3104 gold pieces at shops.

Inventory:

Hand weapons
 j - the cursed +8 quarterstaff "Mawnyf" (weapon) {vamp, rF+ rN++}
   (You bought it in a shop on level 2 of the Orcish Mines)

   It inflicts no extra harm, but heals its wielder somewhat when it strikes a
   living foe.
   It protects you from fire.
   It greatly protects you from negative energy.
   It has a curse placed upon it.
 w - the +6 lajatang "Spiderbane" {venom, rN++}
   (You acquired it on level 3 of the Snake Pit)

   It poisons the flesh of those it strikes.
   It greatly protects you from negative energy.
Missiles
 t - 3 steel javelins (quivered)
Armour
 b - a cursed +1 hat (worn)
 k - the cursed +0 pair of gloves of Decompression (worn) {rN+ Str+3}
   (You found it on level 3 of the Lair of Beasts)

   It affects your strength (+3).
   It protects you from negative energy.
   It has a curse placed upon it.
 p - a cursed +2 pair of boots of stealth (worn)
 M - the cursed +2 cloak of the Thief (worn) {+Fog Slay-2 SInv Stlth+}
   (You bought it in a shop on level 4 of the Orcish Mines)

   It affects your accuracy and damage with ranged weapons and melee attacks
   (-2).
   It enhances your eyesight.
   It can be evoked to emit clouds of fog.
   It makes you more stealthy.
   It has a curse placed upon it.
Jewellery
 a - the cursed ring "Jasifryts" (left hand) {+Fly rPois rC+ Stlth+}
   (You bought it in a shop on level 3 of the Orcish Mines)

   [ring of stealth]

   It protects you from cold.
   It protects you from poison.
   It lets you fly.
   It makes you more stealthy.
   It has a curse placed upon it.
 H - a cursed amulet of the gourmand (around neck)
 O - the cursed ring of Togoziof (right hand) {rPois MP+9 Str+4}
   (You bought it in a shop on level 4 of the Orcish Mines)

   [ring of poison resistance]

   It affects your strength (+4).
   It protects you from poison.
   It affects your magic capacity (+9).
   It has a curse placed upon it.
Magical devices
 i - a wand of disintegration (13)
 o - a wand of flame (35)
 y - a wand of digging (7)
 T - a wand of invisibility (3)
Scrolls
 c - a scroll of enchant weapon
 f - 6 scrolls of teleportation
 n - 6 scrolls of curse armour
 v - 3 scrolls of fog
 D - 9 scrolls of magic mapping
 J - 3 scrolls of remove curse
 P - 3 scrolls of recharging
 R - 13 scrolls of identify
 Y - 2 scrolls of fear
Potions
 e - a potion of berserk rage
 g - 12 potions of curing
 h - 6 potions of flight
 u - 5 potions of resistance
 z - a potion of haste
 E - a potion of agility
 F - 5 potions of restore abilities
 G - a potion of might
 Q - a potion of brilliance
 U - 3 potions of magic
Books
 l - a Grand Grimoire {highlevel, unknown}

   This book is beyond your current level of understanding.

   Spells                             Type                      Level
   a - Aura of Abjuration             Summoning                    6
   b - Summon Greater Demon           Summoning                    7
   c - Malign Gateway                 Summoning/Translocation      7
   d - Summon Horrible Things         Summoning                    8
Comestibles
 d - 12 bread rations
 m - 74 fruits


   Skills:
 + Level 15.8 Fighting
 - Level 19.2(24.0) Staves
 + Level 4.4 Throwing
 + Level 13.5(17.6) Dodging
 + Level 11.7 Spellcasting
 + Level 6.4(10.9) Transmutations
 - Level 12.2(16.3) Earth Magic


You had 24 spell levels left.
You knew the following spells:

 Your Spells              Type           Power        Failure   Level  Hunger
a - Lee's Rapid Deconstr  Erth           #####.....   1%          5    #####..
b - Passwall              Trmt/Erth      ####......   1%          3    ##.....
c - Statue Form           Trmt/Erth      ####.....    8%          6    #######
z - Stoneskin             Trmt/Erth      ####....     1%          2    None


Dungeon Overview and Level Annotations

Branches:
Dungeon (15/15)            Temple (1/1) D:7            Lair (8/8) D:10
 Shoals (1/5) Lair:5        Snake (5/5) Lair:4          Orc (4/4) D:9
    Elf (0/3) Orc:4        Vaults (0/5) D:13         Depths (0/5) D:15
  Slime: Lair:6-8

Altars:
Ashenzari
Cheibriados
Dithmenos
Elyvilon
Fedhas
Gozag
Kikubaaqudgha
Makhleb
Nemelex Xobeh
Okawaru
Qazlal
Ru
Sif Muna
Trog
Vehumet
Xom
Yredelemnul
Zin
The Shining One
Beogh

Shops:
D:5 *   D:11 !=[   Orc:2 (   Orc:3 ==   Orc:4 %(*[   Snake:1 [   Snake:2 *

Portals:
Trove: D:13 (give 16 scrolls of teleportation)

Annotations:
Lair:6 exclusion: oklob plant
Lair:8 exclusion: oklob plant


Innate Abilities, Weirdness & Mutations

You can walk through water.
Your dull iron-grey scales are very hard (AC +15).
Your body does not fit into most forms of armour.
You can survive without breathing.
You are cold-blooded and may be slowed by cold attacks.


Message History

The merfolk hits you but does no damage.
The merfolk misses you.
The octopode crusher blocks your attack.
You tail-slap the octopode crusher.
The octopode crusher is severely wounded.
The octopode crusher tentacle-slaps you!!
* * * LOW HITPOINT WARNING * * *
The octopode crusher grabs you.
* * * LOW HITPOINT WARNING * * *
The octopode crusher constricts you.
Read which item? (? for menu, Esc to quit)
Okay, then.
Drink which item? (? for menu, Esc to quit)
You feel better.
The merfolk hits you from afar with a trident.
* * * LOW HITPOINT WARNING * * *
The merfolk completely misses you.
The octopode crusher tentacle-slaps you!
* * * LOW HITPOINT WARNING * * *
You die...

,,,,.≈≈≈..... ≈ ≈≈ ≈ * ≈
≈,,≈.≈≈.....** ≈ ≈ { ≈ ≈≈
≈≈≈** ≈≈.≈.≈.... ≈ **' ≈ ≈
.....≈..#{≈≈ ≈* ≈ ≈* ≈≈ ≈'
≈≈≈≈....≈..#***** ≈≈ ≈≈≈≈ *
≈≈≈≈......)# 8 ≈ ≈≈≈≈8*
≈≈≈≈......#######≈ ≈≈ ≈≈ ** *
≈≈≈≈.......#)≈m≈≈## ≈ ≈
**≈≈≈≈ ≈ ≈.........#≈mx@≈#
m'** ≈≈≈ ≈
≈.........##≈≈≈≈≈(≈≈≈≈≈ ≈ ≈
*, ≈≈≈..........###≈≈≈≈≈≈≈≈≈≈
* * ,
≈≈≈≈≈..........##8#8#### *,,
≈≈≈≈............########### ,
, ≈≈≈≈≈............#≈≈≈≈≈≈≈≈≈
,
≈≈≈≈≈..............≈≈≈≈≈≈≈≈.,
,.
≈≈≈≈≈≈..........≈≈≈≈≈≈≈≈≈≈≈≈
,.
≈≈≈†≈≈...........#..≈≈≈≈≈≈≈≈.
.≈


You could see an octopode crusher and 2 merfolk.

Vanquished Creatures
  Saint Roka (Orc:4)
  Vashnia (Snake:2)
  Asterion (Snake:1)
  Roxanne (Snake:2)
  A fire giant (D:15)
  8 greater nagas
  A frost giant (IceCv)
  Aizul (Snake:2)
  Azrael (D:13)
  Snorg (D:12)
  Erolcha (D:12)
  The ghost of Viceroy the Nimble, a powerful TrHu of Ru (D:12)
  A minotaur (Lab)
  2 fire dragons
  Fannar (Orc:2)
  7 hydras
  13 naga warriors
  3 centaur warriors
  An ogre mage (D:15)
  The ghost of karvarausku the Cleaver, a powerful DsWr (D:11)
  7 anacondas
  3 catoblepae (Lair:8)
  2 tengu warriors (D:15)
  6 orc high priests (Orc:4)
  14 death yaks (Lair:8)
  5 shock serpents
  20 naga sharpshooters
  Sonja (D:13)
  Nergalle (D:11)
  2 unseen horrors
  A fire crab (Lair:8)
  An ice devil (Orc:4)
  2 salamander mystics
  5 skeletal warriors (D:14)
  8 harpies
  An ice statue (IceCv)
  4 hill giants
  4 sea snakes
  6 naga ritualists
  6 mana vipers
  2 ugly things
  20 salamanders
  8 orc sorcerers (Orc:4)
  6 orc knights
  7 cyclopes
  A draconian (shapeshifter) (Lair:4)
  4 manticores
  2 griffons
  A siren (Shoals:1)
  11 elephants (Lair:8)
  3 guardian serpents
  Maurice (Orc:4)
  33 naga magi
  19 spiny frogs
  An orange demon (Orc:4)
  2 molten gargoyles (Lair:7)
  38 black mambas
  3 gargoyles
  3 fire drakes
  2 tengu conjurers
  A freezing wraith (D:15)
  10 komodo dragons
  14 polar bears (IceCv)
  7 trolls
  6 merfolk
  The ghost of Viceroy the Skirmisher, an average FoCK of Xom (D:5)
  6 two-headed ogres
  A harpy zombie (D:15)
  A blink frog (shapeshifter) (D:15)
  A harpy skeleton (D:15)
  6 ravens
  A snapping turtle (Shoals:1)
  22 blink frogs
  A trapdoor spider (D:14)
  2 vampires (D:13)
  Sigmund (D:4)
  A redback (shapeshifter) (D:9)
  A ynoxinul (Orc:4)
  3 wyverns
  67 yaks
  A deep elf mage (D:10)
  2 wraiths
  9 hippogriffs
  A shadow (D:15)
  9 vampire mosquitoes
  2 fire elementals (D:13)
  57 nagas
  A mottled dragon (D:15)
  4 basilisks
  Menkaure (D:4)
  28 wolves
  A hungry ghost (D:9)
  6 hell hounds (D:13)
  58 orc warriors
  24 water moccasins
  18 porcupines
  4 wargs
  3 black bears
  A sky beast (D:7)
  The ghost of Grangar the Covered, an average MiFi (D:3)
  9 ice beasts
  20 crocodiles
  An eye of draining (D:13)
  A boring beetle (Lair:5)
  20 ogres
  2 big kobolds
  3 elf zombies (Ossuary)
  11 centaurs
  Blork the orc (D:6)
  18 giant frogs
  A gnoll sergeant (Orc:4)
  A wyvern zombie (D:14)
  6 scorpions
  12 killer bees
  8 wights
  3 electric eels
  5 lava snakes (Lair:7)
  6 crimson imps
  6 centaur zombies
  11 jellies
  2 quasits
  4 giant frog zombies
  6 hounds
  49 orc wizards
  10 worker ants
  Crazy Yiuf (D:3)
  3 human zombies (Ossuary)
  32 orc priests
  2 gnoll shamans
  2 giant frog skeletons
  8 iguanas
  6 centaur skeletons
  A killer bee zombie (D:9)
  17 sheep
  2 big kobold zombies (Ossuary)
  A hound zombie (Ossuary)
  3 mummies (Ossuary)
  2 hound skeletons
  2 worker ant zombies
  20 adders
  13 gnolls
  51 river rats
  3 shadow imps
  6 adder zombies
  3 worms (D:3)
  10 giant geckos
  316 orcs
  3 ball pythons
  6 giant cockroaches
  28 goblins
  27 hobgoblins
  9 jackals
  31 kobolds
  5 quokkas
  18 bats
  4 giant newts
  A giant spore (D:12)
  A gnoll zombie (Ossuary)
  3 goblin zombies (Ossuary)
  2 hobgoblin zombies (Ossuary)
  2 jackal zombies (Ossuary)
  5 kobold zombies (Ossuary)
  An orc zombie (Ossuary)
  A quokka zombie (Ossuary)
  19 rats
  6 rat zombies (Ossuary)
  5 ballistomycetes (D:13)
1595 creatures vanquished.

Vanquished Creatures (collateral kills)
  A naga sharpshooter (Snake:3)
  A black mamba (Snake:3)
  2 nagas (Snake:3)
  A water moccasin (Snake:3)
  A giant frog (Lair:6)
6 creatures vanquished.

Vanquished Creatures (others)
  A naga warrior (Snake:5)
  2 anacondas (Snake:3)
  A polar bear (IceCv)
  A boulder beetle (Lair:8)
  A water moccasin (Snake:3)
  An orc wizard (D:13)
  A river rat (Lair:8)
  An orc (D:13)
  2 giant spores
  7 fungi
  3 plants (Lair:8)
21 creatures vanquished.

Grand Total: 1622 creatures vanquished

Notes
Turn   | Place    | Note
--------------------------------------------------------------
     0 | D:1      | namelastname112, the Draconian Gladiator, began the quest for the Orb.
     0 | D:1      | Reached XP level 1. HP: 17/17 MP: 1/1
    64 | D:1      | Reached XP level 2. HP: 15/25 MP: 2/2
   733 | D:1      | Reached XP level 3. HP: 26/30 MP: 3/3
  1571 | D:2      | Reached skill level 4 in Staves
  1620 | D:2      | Reached XP level 4. HP: 25/37 MP: 4/4
  2079 | D:3      | Noticed a moth of wrath
  2080 | D:3      | Found a bloodstained altar of Trog.
  2278 | D:3      | Noticed Grangar's ghost (average MiFi)
  2342 | D:3      | Noticed a centaur
  2351 | D:3      | Killed a centaur
  2351 | D:3      | Reached XP level 5. HP: 29/45 MP: 5/5
  2358 | D:3      | Found a glowing drain.
  2409 | Sewer    | Entered a sewer
  2525 | Sewer    | Reached skill level 5 in Staves
  2715 | Sewer    | Reached XP level 6. HP: 35/52 MP: 6/6
  2957 | D:3      | Noticed Crazy Yiuf
  2971 | D:3      | Killed Crazy Yiuf
  3376 | D:3      | Found a glowing silver altar of Zin.
  3386 | D:3      | Killed Grangar's ghost
  3640 | D:4      | Reached skill level 6 in Staves
  3640 | D:4      | Your scales start taking on a dull iron-grey colour.
  3640 | D:4      | Gained mutation: You can survive without breathing. [Grey Draconian growth]
  3640 | D:4      | Reached XP level 7. HP: 59/59 MP: 7/7
  3837 | D:4      | Noticed Menkaure
  3843 | D:4      | Killed Menkaure
  3863 | D:4      | Reached skill level 7 in Staves
  4217 | D:4      | Noticed Sigmund
  4221 | D:4      | Killed Sigmund
  4221 | D:4      | Reached skill level 5 in Fighting
  4221 | D:4      | Reached skill level 5 in Dodging
  4221 | D:4      | Reached XP level 8. HP: 66/68 MP: 8/8
  4306 | D:5      | Entered Level 5 of the Dungeon
  4382 | D:5      | Found a stormy altar of Qazlal.
  4453 | D:5      | Reached skill level 8 in Staves
  4499 | D:5      | Found an opulent altar of Gozag.
  4501 | D:5      | Found Gozag's Platinum Reserve.
  4719 | D:5      | Found an ancient bone altar of Kikubaaqudgha.
  4801 | D:5      | Noticed Viceroy's ghost (average FoCK)
  4809 | D:5      | Killed Viceroy's ghost
  4809 | D:5      | Reached skill level 9 in Staves
  5065 | D:6      | Found a radiant altar of Vehumet.
  5071 | D:6      | Reached XP level 9. HP: 75/78 MP: 9/9
  5428 | D:6      | Noticed Blork the orc
  5433 | D:6      | Killed Blork the orc
  6269 | D:7      | Reached skill level 10 in Staves
  6526 | D:7      | Found a staircase to the Ecumenical Temple.
  6532 | Temple   | Entered the Ecumenical Temple
  6559 | Temple   | Became a worshipper of Ashenzari the Shackled
  6764 | D:8      | Found a sand-covered staircase.
  6768 | Ossuary  | Entered an ossuary
  6891 | Ossuary  | Reached XP level 10. HP: 81/88 MP: 10/10
  7181 | D:8      | Reached skill level 11 in Staves
  8464 | D:9      | Acquired Ashenzari's first power
  8872 | D:9      | Noticed a hill giant
  8878 | D:9      | Noticed an alligator
  8878 | D:9      | a hill giant changed into an alligator
  8878 | D:9      | Noticed a satyr
  8878 | D:9      | an alligator changed into a satyr
  8880 | D:9      | Noticed an ettin
  8880 | D:9      | a satyr changed into an ettin
  8881 | D:9      | Noticed an anaconda
  8881 | D:9      | an ettin changed into an anaconda
  8883 | D:9      | Noticed a death yak
  8883 | D:9      | an anaconda changed into a death yak
  8884 | D:9      | Noticed a dire elephant
  8884 | D:9      | a death yak changed into a dire elephant
  8889 | D:9      | Noticed a storm dragon
  8893 | D:9      | Noticed a death yak
  8893 | D:9      | a storm dragon changed into a death yak
  8896 | D:9      | Noticed a storm dragon
  8896 | D:9      | a death yak changed into a storm dragon
  8922 | D:9      | Found a staircase to the Orcish Mines.
  9199 | D:9      | Noticed a mana viper
  9200 | D:9      | Noticed an octopode
  9200 | D:9      | a mana viper changed into an octopode
  9201 | D:9      | Noticed a cyclops
  9201 | D:9      | an octopode changed into a cyclops
  9204 | D:9      | a cyclops changed into an eye of devastation
  9207 | D:9      | Noticed a faun
  9207 | D:9      | a snapping turtle changed into a faun
  9208 | D:9      | Noticed a manticore
  9208 | D:9      | a faun changed into a manticore
  9210 | D:9      | Noticed a moth of wrath
  9210 | D:9      | a manticore changed into a moth of wrath
  9329 | D:9      | Found a sacrificial altar of Ru.
  9389 | D:10     | Entered Level 10 of the Dungeon
  9400 | D:10     | Reached skill level 12 in Staves
  9495 | D:10     | Learned a level 5 spell: Lee's Rapid Deconstruction
  9532 | D:10     | Reached skill level 1 in Earth Magic
  9545 | D:10     | Found a staircase to the Lair.
  9573 | D:10     | Reached skill level 1 in Spellcasting
  9705 | D:10     | Noticed a hill giant
  9716 | D:10     | Killed a hill giant
  9716 | D:10     | Reached XP level 11. HP: 97/97 MP: 11/13
  9744 | D:10     | Acquired Ashenzari's second power
  9915 | D:11     | Found Xyorirgh's Distillery.
  9918 | D:11     | Bought a potion of heal wounds for 65 gold pieces
  9918 | D:11     | Bought 2 potions of curing for 78 gold pieces
  9918 | D:11     | Bought a potion of curing for 39 gold pieces
  9918 | D:11     | Bought a potion of curing for 39 gold pieces
  9918 | D:11     | Bought a potion of curing for 39 gold pieces
 10003 | D:11     | Noticed karvarausku's ghost (powerful DsWr)
 10101 | D:11     | Noticed Nergalle
 10385 | D:11     | Killed Nergalle
 10667 | D:11     | Noticed a hill giant
 10714 | D:11     | Killed a hill giant
 11326 | D:11     | Found Puta's Jewellery Shop.
 11334 | D:11     | Found Qiol Vor's Antique Armour Shoppe.
 11370 | D:11     | Killed karvarausku's ghost
 11654 | D:11     | Reached skill level 10 in Fighting
 11654 | D:11     | Reached skill level 13 in Staves
 11753 | Lair:1   | Entered Level 1 of the Lair of Beasts
 11783 | Lair:1   | Acquired Ashenzari's third power
 12107 | Lair:1   | Identified a scroll of acquirement
 13061 | Lair:2   | Reached skill level 5 in Earth Magic
 13077 | Lair:2   | Identified the +11 rapier of Tixir {venom, rF- MP+9 Dex+4}
 13097 | Lair:2   | Reached XP level 12. HP: 98/106 MP: 18/18
 13735 | Lair:2   | Learned a level 2 spell: Stoneskin
 13815 | Lair:2   | Acquired Ashenzari's fourth power
 14015 | Lair:3   | Noticed a six-headed hydra
 14015 | Lair:3   | a griffon changed into a six-headed hydra
 14022 | Lair:3   | Killed a six-headed hydra
 14385 | Lair:3   | Reached skill level 5 in Spellcasting
 14634 | Lair:3   | Reached skill level 14 in Staves
 14868 | Lair:3   | Identified a -2 rod of inaccuracy (9/9)
 14924 | Lair:3   | Noticed a fire dragon
 14949 | Lair:3   | Killed a fire dragon
 15173 | Lair:3   | Identified the +0 pair of gloves of Decompression {rN+ Str+3}
 15820 | Lair:4   | Found a labyrinth entrance.
 15829 | Lab      | Entered a labyrinth
 16342 | Lab      | Noticed a minotaur
 16355 | Lab      | Killed a minotaur
 16358 | Lab      | Identified the Compendium of Flying Arcane Weapons (You found it in a labyrinth)
 16469 | Lair:4   | Identified the ring "Irytorus" {-Tele rF+ rN+ MR+ Str+3}
 16495 | Lair:4   | Reached XP level 13. HP: 116/116 MP: 21/21
 16593 | Lair:4   | Noticed a seven-headed hydra
 16599 | Lair:4   | Killed a seven-headed hydra
 16743 | Lair:4   | Found a staircase to the Snake Pit.
 17001 | Lair:4   | Reached skill level 10 in Dodging
 17956 | Lair:5   | Found a staircase to the Shoals.
 18012 | Lair:5   | Reached skill level 15 in Staves
 19630 | Lair:8   | Entered Level 8 of the Lair of Beasts
 19746 | Lair:8   | Found an iron altar of Okawaru.
 20794 | Lair:8   | Reached XP level 14. HP: 66/126 MP: 24/24
 21692 | Lair:8   | Identified Goobloor's Tome of Air
 22227 | Lair:8   | Reached skill level 16 in Staves
 22825 | Lair:7   | Identified the +4 rapier of Law {flame, Contam rElec rPois Str-4}
 23639 | Lair:7   | Reached skill level 10 in Earth Magic
 23917 | Orc:1    | Entered Level 1 of the Orcish Mines
 24389 | Orc:2    | Noticed Fannar
 24423 | Orc:2    | Killed Fannar
 24518 | Orc:2    | Found Nioluoh's Antique Weapon Shoppe.
 24593 | Orc:2    | Bought an ichor-stained quarterstaff for 288 gold pieces
 24593 | Orc:2    | Identified the +8 quarterstaff "Mawnyf" {vamp, rF+ rN++} (You bought it in a shop on level 2 of the Orcish Mines)
 25159 | Orc:3    | Found Jumuit's Jewellery Boutique.
 25159 | Orc:3    | Found Fyekhaij's Jewellery Shoppe.
 25175 | Orc:3    | Bought the ring "Jasifryts" {+Fly rPois rC+ Stlth+} for 529 gold pieces
 25264 | Orc:3    | Found a frozen archway.
 25298 | IceCv    | Entered an ice cave
 25601 | IceCv    | Reached XP level 15. HP: 134/134 MP: 27/27
 25682 | IceCv    | Noticed a frost giant
 25727 | IceCv    | Killed a frost giant
 26539 | Orc:4    | Entered Level 4 of the Orcish Mines
 26752 | Orc:4    | Noticed Maurice
 26775 | Orc:4    | Killed Maurice
 27200 | Orc:4    | Identified the cursed +1 great sword of Dominance {slice, Contam +Inv Dex+4}
 27310 | Orc:4    | Found a staircase to the Elven Halls.
 27400 | Orc:4    | Noticed Saint Roka
 27426 | Orc:4    | Killed Saint Roka
 27432 | Orc:4    | Found a roughly hewn altar of Beogh.
 27526 | Orc:4    | Found Gaoh's Armour Shoppe.
 27861 | Orc:4    | Found Tyiz's Assorted Antiques.
 27887 | Orc:4    | Reached skill level 17 in Staves
 28294 | Orc:4    | Found a roughly hewn altar of Beogh.
 28590 | Orc:4    | Found Milot's Food Emporium.
 28623 | Orc:4    | Found Jabuifoj's Weapon Shoppe.
 28739 | Orc:4    | Bought the +2 cloak of the Thief {+Fog Slay-2 SInv Stlth+} for 1597 gold pieces
 28739 | Orc:4    | Bought a faintly glowing silver ring for 145 gold pieces
 28739 | Orc:4    | Identified the ring of Togoziof {rPois MP+9 Str+4} (You bought it in a shop on level 4 of the Orcish Mines)
 28986 | D:12     | Noticed a six-headed hydra
 29003 | D:12     | Killed a six-headed hydra
 29034 | D:12     | Noticed Viceroy's ghost (powerful TrHu)
 29059 | D:12     | Killed Viceroy's ghost
 29105 | D:12     | Found a basalt altar of Yredelemnul.
 29122 | D:12     | Noticed Erolcha
 29127 | D:12     | Killed Erolcha
 29346 | D:12     | Noticed Snorg
 29360 | D:12     | Killed Snorg
 29602 | D:13     | Noticed Sonja
 29613 | D:13     | Found a gate to the Vaults.
 29645 | D:13     | Killed Sonja
 29720 | D:13     | Noticed Azrael
 29774 | D:13     | Killed Azrael
 29967 | D:13     | Found a portal to a secret trove of treasure.
 30514 | D:14     | Reached XP level 16. HP: 145/145 MP: 29/29
 30645 | D:14     | Found a shimmering altar of Xom.
 31603 | D:15     | Entered Level 15 of the Dungeon
 31765 | D:15     | Found a staircase to the Depths.
 32670 | Lair:1   | Learned a level 3 spell: Passwall
 32804 | Snake:1  | Entered Level 1 of the Snake Pit
 32867 | Snake:1  | Reached skill level 18 in Staves
 33015 | Snake:1  | Noticed Asterion
 33042 | Snake:1  | Killed Asterion
 33545 | Snake:1  | Found Itiutuxa's Antique Armour Shoppe.
 33574 | Snake:1  | Bought an embroidered hat for 92 gold pieces
 33574 | Snake:1  | Bought a pair of glowing gloves for 103 gold pieces
 33804 | Snake:2  | Reached skill level 10 in Spellcasting
 33895 | Snake:2  | Noticed Aizul
 33938 | Snake:2  | Killed Aizul
 34002 | Snake:2  | Found Jozuarch's Assorted Antiques.
 34056 | Snake:2  | Bought a scroll of teleportation for 90 gold pieces
 34130 | Snake:2  | Noticed Roxanne
 34150 | Snake:2  | Killed Roxanne
 34157 | Snake:2  | Identified Roxanne's Tome of Changing and Earth (You took it off Roxanne on level 2 of the Snake Pit)
 34165 | Snake:2  | Learned a level 6 spell: Statue Form
 34582 | Snake:3  | Identified the +6 shortbow "Death Rattle" {speed, Contam +Fly MR+ Str+4}
 34619 | Snake:3  | Reached skill level 1 in Transmutations
 35052 | Snake:3  | Identified the cursed +6 lajatang "Spiderbane" {venom, rN++} (You acquired it on level 3 of the Snake Pit)
 35394 | Snake:3  | Noticed Vashnia
 36120 | Snake:2  | Killed Vashnia
 36120 | Snake:2  | Reached XP level 17. HP: 83/154 MP: 31/31
 37708 | Snake:4  | Reached skill level 15 in Fighting
 39077 | Snake:5  | Entered Level 5 of the Snake Pit
 39238 | Snake:5  | Reached skill level 19 in Staves
 41486 | Snake:5  | Reached skill level 5 in Transmutations
 42010 | Snake:5  | Reached XP level 18. HP: 139/165 MP: 33/33
 42531 | Snake:5  | Got a serpentine rune of Zot
 43152 | Lair:3   | Noticed a six-headed hydra
 43163 | Lair:3   | Killed a six-headed hydra
 43239 | Shoals:1 | Entered Level 1 of the Shoals
 44211 | Shoals:1 | HP: 8/166 [octopode crusher (5)]
 44212 | Shoals:1 | Slain by an octopode crusher

Action                   |  1- 3 |  4- 6 |  7- 9 | 10-12 | 13-15 | 16-18 || total
-------------------------+-------+-------+-------+-------+-------+-------++-------
Melee: Quarterstaff      |   149 |   173 |   422 |   924 |  2026 |  1974 ||  5668
       Lajatang          |       |       |       |       |   372 |    64 ||   436
Throw: Javelin           |       |    15 |    12 |     9 |     9 |     4 ||    49
       Throwing net      |       |     4 |     1 |       |       |       ||     5
 Cast: Stoneskin         |       |       |       |     2 |       |       ||     2
       Lee's Rapid Decon |       |       |       |       |    13 |    24 ||    37
       Statue Form       |       |       |       |       |       |     2 ||     2
Invok: Scrying           |       |       |       |       |       |     1 ||     1
 Abil: Evoke Fog         |       |       |       |       |       |     2 ||     2
Evoke: Wand              |       |       |       |     1 |     8 |     3 ||    12
  Use: Potion            |       |     9 |     2 |     3 |     7 |    17 ||    38
       Scroll            |       |       |     5 |    23 |    17 |    26 ||    71
 Stab: Invisible         |       |     4 |       |     4 |       |       ||     8
       Paralysed         |       |     3 |     3 |    14 |    24 |       ||    44
       Petrifying        |       |       |     2 |     2 |     9 |       ||    13
       Sleeping          |       |       |       |     6 |    15 |    15 ||    36
       Confused          |       |       |       |     3 |     6 |       ||     9
       Distracted        |       |       |       |     1 |     1 |    10 ||    12
       Petrified         |       |       |       |       |     4 |       ||     4
       Fleeing           |       |       |       |       |     1 |       ||     1
  Eat: Chunk             |     2 |     7 |    10 |    14 |    38 |     5 ||    76
       Fruit             |       |       |     1 |       |       |     2 ||     3
       Royal jelly       |       |       |       |     3 |       |       ||     3
       Meat ration       |       |       |       |     1 |     2 |    10 ||    13
       Pizza             |       |       |       |     2 |       |       ||     2
       Beef jerky        |       |       |       |     2 |     3 |     1 ||     6
       Bread ration      |       |       |       |       |     1 |     1 ||     2
